 Dungeon Crawl Stone Soup version 0.17.0-28-g6e173f8 (webtiles) character file.

3124 TruthSerum the Fighter (level 9, -6/101 HPs)
             Began as an Ogre Berserker on Nov 24, 2015.
             Was an Elder of Trog.
             Mangled by a yak (15 damage)
             ... on level 7 of the Dungeon on Nov 25, 2015.
             The game lasted 00:21:24 (5080 turns).

TruthSerum the Fighter (Ogre Berserker)             Turns: 5080, Time: 00:21:24

Health: -6/101     AC:  3    Str: 24    XL:     9   Next: 91%
Magic:  9/9        EV: 13    Int:  6    God:    Trog [****..]
Gold:   326        SH:  0    Dex: 12    Spells: 0 memorised, 8 levels left

rFire  + . .     SeeInvis +     z - +0 giant spiked club
rCold  . . .     Clarity  .     b - +0 animal skin
rNeg   . . .     SustAt   .     (shield currently unavailable)
rPois  .         Gourm    .     (helmet restricted)
rElec  .         Spirit   .     (no cloak)
rCorr  .         Warding  .     (gloves unavailable)
rMut   .         Stasis   .     (boots unavailable)
MR     .....                    m - amulet of regeneration
Stlth  +.........               E - ring of see invisible
                                u - ring of protection from fire

@: not resistant to hostile enchantments, very unstealthy
A: unfitting armour, tough skin 1
a: Berserk, Trog's Hand, Brothers in Arms, Burn Spellbooks, Renounce Religion


You were on level 7 of the Dungeon.
You worshipped Trog.
Trog was greatly pleased with you.
You were not hungry.

You visited 2 branches of the dungeon, and saw 8 of its levels.

You collected 326 gold pieces.

Inventory:

Hand Weapons
 z - a +0 giant spiked club (weapon)
Missiles
 w - 3 large rocks (quivered)
Armour
 b - a +0 animal skin (worn)
Jewellery
 m - an amulet of regeneration (around neck)
 u - a ring of protection from fire (left hand)
 E - a ring of see invisible (right hand)
Wands
 s - a wand of confusion (11)
 A - a wand of frost (30)
 D - a wand of polymorph (11)
 G - a wand of slowing (32)
Scrolls
 d - a scroll of fog {unknown}
 e - a scroll of immolation {unknown}
 i - 4 scrolls of magic mapping {unknown}
 n - 4 scrolls of enchant armour {unknown}
 o - 3 scrolls of blinking {unknown}
 q - 5 scrolls of remove curse {unknown}
 r - 4 scrolls of teleportation {unknown}
 t - a scroll of enchant weapon {unknown}
 v - a scroll of amnesia {unknown}
 y - a scroll of recharging {unknown}
 B - a scroll of identify
 F - a scroll of fear {unknown}
Potions
 a - a potion of magic {unknown}
 f - a potion of flight
 h - 3 potions of haste {unknown}
 k - 2 potions of invisibility
 l - 2 potions of curing
 p - a potion of lignification {unknown}
 C - 2 potions of heal wounds {unknown}
Comestibles
 c - 7 bread rations
 g - 3 beef jerkies
 j - 3 meat rations


   Skills:
 + Level 10.1 Fighting
 + Level 9.9 Maces & Flails
 + Level 5.2 Throwing
 + Level 7.2 Dodging


You had 8 spell levels left.
You didn't know any spells.

Dungeon Overview and Level Annotations

Branches:
Dungeon (7/15)             Temple (1/1) D:5

Altars:
Ashenzari
Cheibriados
Dithmenos
Elyvilon
Gozag
Kikubaaqudgha
Makhleb
Nemelex Xobeh
Okawaru
Qazlal
Ru
Sif Muna
Trog
Vehumet
Xom
Yredelemnul
Zin
The Shining One

Shops:
D:5 ?   D:7 }


Innate Abilities, Weirdness & Mutations

You are too large for most types of armour.
You have tough skin (AC +1).


Message History

You bludgeon the sheep!!
You kill the sheep!
Trog accepts your kill. The sheep completely misses you.
You completely miss the sheep. The sheep barely misses you.
The sheep bites you.
* * * LOW HITPOINT WARNING * * *
You bludgeon the sheep!!
You kill the sheep!
Trog accepts your kill. The yak gores you!
* * * LOW HITPOINT WARNING * * *
You puncture the yak!
The yak is moderately wounded.
The yak gores you.
* * * LOW HITPOINT WARNING * * *
You impale the yak!!
The yak is almost dead.
The yak gores you!
You die...

##### #...## #.†@.#
##########.#Y#####
#..........#..#..#
#.##########..#.%############
#.# #..'..#........... #.#
#%.#..###.######## ##.#
#%%#..# #.# ##..#######
######## #.# #.#.......# #..#
####.######


You could see a yak.

Vanquished Creatures
  The ghost of Larett the Skirmisher, a novice HOFi (D:5)
  Joseph (D:7)
  A human (D:7)
  Eustachio (D:4)
  Menkaure (D:6)
  Edmund (D:5)
  A water moccasin (D:5)
  An orc warrior (D:6)
  A sky beast (D:6)
  2 ogres
  2 phantoms (D:5)
  An ice beast (D:5)
  A giant frog (D:6)
  2 scorpions
  3 crimson imps
  3 hounds
  A jelly (D:6)
  A centaur skeleton (D:5)
  5 orc priests
  A giant frog skeleton (D:4)
  6 orc wizards
  An iguana (D:4)
  3 sheep (D:7)
  2 worker ants
  A hound skeleton (D:4)
  4 gnolls (D:4)
  4 adders
  2 shadow imps
  2 adder skeletons
  4 worms
  4 giant geckos
  35 orcs
  2 ball pythons (D:3)
  8 bats
  6 giant cockroaches
  5 goblins
  6 hobgoblins
  5 jackals
  6 kobolds
  3 quokkas
  5 giant newts
  7 rats
152 creatures vanquished.

Notes
Turn   | Place    | Note
--------------------------------------------------------------
     0 | D:1      | TruthSerum the Ogre Berserker began the quest for the Orb.
     0 | D:1      | Reached XP level 1. HP: 24/24 MP: 1/1
   112 | D:1      | Reached XP level 2. HP: 32/32 MP: 2/2
   602 | D:1      | Reached XP level 3. HP: 40/40 MP: 3/3
   693 | D:1      | Reached ** piety under Trog
   863 | D:2      | Found a stormy altar of Qazlal.
  1026 | D:2      | HP: 3/60 [goblin/uncursed dagger (3)]
  1340 | D:2      | Found a sparkling altar of Nemelex Xobeh.
  1341 | D:2      | Found an opulent altar of Gozag.
  1445 | D:2      | Found a burning altar of Makhleb.
  1456 | D:2      | Reached skill level 5 in Maces & Flails
  1456 | D:2      | Reached XP level 4. HP: 41/49 MP: 4/4
  1692 | D:3      | Reached skill level 5 in Fighting
  1718 | D:3      | Reached XP level 5. HP: 38/57 MP: 5/5
  1899 | D:3      | Found a faded altar to an unknown god.
  1954 | D:3      | HP: 4/87 [orc (4)]
  2026 | D:3      | Reached XP level 6. HP: 18/67 MP: 6/6
  2041 | D:3      | Reached *** piety under Trog
  2074 | D:3      | Reached skill level 6 in Maces & Flails
  2490 | D:4      | Noticed Eustachio
  2497 | D:4      | Received a gift from Trog
  2509 | D:4      | Killed Eustachio
  2509 | D:4      | Reached skill level 5 in Dodging
  2509 | D:4      | Reached XP level 7. HP: 51/76 MP: 7/7
  2621 | D:4      | Reached skill level 7 in Fighting
  2849 | D:5      | Entered Level 5 of the Dungeon
  2966 | D:5      | Reached skill level 1 in Throwing
  2975 | D:5      | Noticed Larett's ghost (novice HOFi)
  2994 | D:5      | Killed Larett's ghost
  2994 | D:5      | Reached skill level 8 in Fighting
  2994 | D:5      | Reached XP level 8. HP: 35/88 MP: 8/8
  3137 | D:5      | Noticed Edmund
  3152 | D:5      | Killed Edmund
  3554 | D:5      | Reached **** piety under Trog
  3573 | D:5      | Reached XP level 9. HP: 97/97 MP: 9/9
  3730 | D:5      | Found Nunupsytt's Magic Scroll Shop.
  3758 | D:5      | Found a staircase to the Ecumenical Temple.
  3767 | Temple   | Entered the Ecumenical Temple
  3942 | D:5      | Reached skill level 9 in Fighting
  3964 | D:6      | Noticed Menkaure
  3972 | D:6      | Killed Menkaure
  4364 | D:6      | Received a gift from Trog
  4714 | D:7      | Found a radiant altar of Vehumet.
  4727 | D:7      | Found Codilora's Quality Used Wands.
  4850 | D:7      | Noticed Joseph
  4870 | D:7      | Killed Joseph
  4870 | D:7      | Reached skill level 5 in Throwing
  4982 | D:7      | Found a shattered altar of Ashenzari.
  5071 | D:7      | Reached skill level 10 in Fighting
  5080 | D:7      | Mangled by a yak

Action                   |  1- 3 |  4- 6 |  7- 9 || total
-------------------------+-------+-------+-------++-------
Melee: Mace              |    93 |    67 |       ||   160
       Morningstar       |       |   147 |    79 ||   226
       Dire flail        |       |       |   137 ||   137
       Giant spiked club |       |       |    20 ||    20
Throw: Large rock        |       |     3 |     2 ||     5
Invok: Berserk           |     1 |     2 |     4 ||     7
  Use: Scroll            |     4 |       |     1 ||     5
       Potion            |       |       |     1 ||     1
 Stab: Sleeping          |     1 |       |     1 ||     2
  Eat: Chunk             |     2 |     8 |    16 ||    26
